 Dungeon Crawl Stone Soup version 0.17-a0-1450-g7e755d1 (webtiles) character file.

1571872 1100001001 the Spry (level 25, 224/224 HPs)
             Began as a Centaur Fighter on June 10, 2015.
             Was a High Priest of Okawaru (penitent).
             Escaped with the Orb
             ... and 3 runes on June 30, 2015!
             The game lasted 05:22:21 (76473 turns).

1100001001 the Spry (Centaur Fighter)              Turns: 76473, Time: 05:22:21

Health: 224/224    AC: 49    Str: 26    XL:     25   Next: 79%
Magic:  30/36      EV: 38    Int:  7    God:    Okawaru [*]
Gold:   5348       SH:  0    Dex: 33    Spells: 1 memorised, 23 levels left

rFire  + + .     SeeInvis .     E - +11 halberd "Huppid Vuetu" {vamp, rPois MP+9 Dex+3}
rCold  + + +     Clarity  +     l - +10 plate armour {MR+}
rNeg   . . .     SustAt   .     (no shield)
rPois  +         Gourm    .     f - +2 helmet {Int+3}
rElec  +         Spirit   .     y - +2 cloak
rCorr  +         Warding  .     t - +1 pair of gloves of the Unseen Realm {rC+++ Int-3 Dex+4}
rMut   .         Stasis   .     G - +0 centaur barding of Tyqo {rF+}
MR     ++++.                    B - amulet of clarity
Stlth  ..........               s - ring of protection from magic
                                w - +5 ring of evasion

@: mighty, agile, resistant, heroism, finesse, very slightly contaminated,
hasted, very quick, incredibly resistant to hostile enchantments, extremely
unstealthy
A: hooves 3, slimy green scales 1, agile 1, blink 1, deformed body, speed 2, low
mp 1, magic resistance 1, tough skin 3
a: Blink, Renounce Religion
0: Orb of Zot
}: 3/15 runes: decaying, silver, gossamer


You escaped.
You worshipped Okawaru.
Okawaru was demanding penance.
You were not hungry.

You visited 8 branches of the dungeon, and saw 50 of its levels.
You visited 1 bazaar.
You also visited: Sewer and Ice Cave.

You collected 7326 gold pieces.
You spent 1978 gold pieces at shops.


Innate Abilities, Weirdness & Mutations

You have hooves in place of feet.
Armour fits poorly on your strangely shaped body.
You cover ground very quickly.
You have extremely tough skin (AC +3).
You are partially covered in slimy green scales (AC +2).
You are agile. (Dex +2)
You can translocate small distances at will.
Your magical capacity is low (-10% MP).
You are resistant to hostile enchantments.


   Skills:
 - Level 18.0(23.0) Fighting
 - Level 18.7(23.7) Polearms
 + Level 18.3(23.3) Armour
 - Level 19.9(24.9) Dodging
   Level 2.1(7.1) Shields
 - Level 9.7 Invocations
 - Level 10.5 Evocations


You had 23 spell levels left.
You knew the following spells:

 Your Spells              Type           Power        Failure   Level  Hunger
B - Summon Butterflies    Summ           #.......     99%         1    ##.....

Inventory:

Hand weapons
 E - the +11 halberd "Huppid Vuetu" (weapon) {vamp, rPois MP+9 Dex+3}

   It inflicts no extra harm, but heals its wielder somewhat when it strikes a
   living foe.
   It affects your dexterity (+3).
   It protects you from poison.
   It affects your magic capacity (+9).
 Z - the +8 glaive "Jirrol" {drain, rC+} A truly terrible weapon, it drains the life of those it strikes. It protects you from cold.
Missiles
 c - 3 curare-tipped needles {=f}
 D - 4 throwing nets (quivered) {=f}
Armour
 f - a +2 helmet of intelligence (worn)
 l - a +10 plate armour of magic resistance (worn)
 t - the +1 pair of gloves of the Unseen Realm (worn) {rC+++ Int-3 Dex+4}

   It affects your intelligence (-3).
   It affects your dexterity (+4).
   It renders you almost immune to cold.
 u - a +1 cloak
 y - a +2 cloak (worn)
 G - the +0 centaur barding of Tyqo (worn) {rF+}

   It protects you from fire.
 K - the +3 centaur barding of Miqola {rCorr}

   It protects you from acid and corrosion.
Jewellery
 d - an uncursed ring of fire
 s - a ring of protection from magic (right hand)
 w - a +5 ring of evasion (left hand)
 A - an uncursed amulet of resist mutation
 B - an amulet of clarity (around neck)
 T - an uncursed ring of flight
Magical devices
 o - a wand of disintegration (8)
 H - a wand of disintegration (15)
 J - a wand of heal wounds (6) {!d@v2}
 N - a wand of hasting (0) {!d@v3}
 O - a wand of teleportation (5) {!d@v4}
 P - a wand of cold (8)
 Q - a wand of teleportation (2) {!d@v4}
 R - a wand of fire (4)
 U - a wand of digging (5)
 W - a wand of digging (6)
 X - a wand of disintegration (7)
Scrolls
 e - 4 scrolls of fear
 g - a scroll of enchant armour
 i - 3 scrolls of fog
 j - 4 scrolls of vulnerability {!r}
 r - 9 scrolls of teleportation {@r4}
 F - 3 scrolls of identify {@r1}
 L - 4 scrolls of blinking
 M - 17 scrolls of remove curse
 S - 7 scrolls of enchant weapon
Potions
 a - 3 potions of berserk rage {!q}
 b - 4 potions of invisibility
 h - a potion of might
 k - 18 potions of curing {@q1}
 m - 3 potions of cancellation
 n - 2 potions of cure mutation
 x - 7 potions of agility
 C - 5 potions of haste {@q3}
Miscellaneous
 p - a fan of gales (inert)
 q - a stone of tremors (inert)
 v - a lamp of fire (inert)
 I - a box of beasts {used: 5}
Comestibles
 V - 14 bread rations

Dungeon Overview and Level Annotations

Branches:
Dungeon (15/15)            Temple (0/1) D:7            Lair (8/8) D:8
  Swamp (4/4) Lair:5       Spider (4/4) Lair:5        Slime (0/6) Lair:7
    Orc (4/4) D:12            Elf (0/3) Orc:4        Vaults (5/5) D:13
 Depths (5/5) D:15            Zot (5/5) Depths:5
  Crypt: Vaults:2-3

Altars:
Dithmenos
Fedhas
Kikubaaqudgha
Makhleb
Okawaru
Qazlal
Ru
Sif Muna
Trog
Yredelemnul
The Shining One
Beogh
Jiyva

Shops:
D:12 [   D:15 =   Orc:4 *((   Vaults:1 :

Portals:
Hell: Depths:1 Depths:2 Depths:3 Depths:4 Depths:5
Abyss: Depths:3 Depths:4
Pandemonium: Depths:3 Depths:5
Ziggurat: Depths:1
Trove: D:10 (give +4 demon trident)

Annotations:
Lair:3 exclusion: oklob plant
Spider:2 Louise
Orc:2 Rupert
Vaults:4 !nope
Depths:2 exclusion: obsidian statue

...▒▒........................▒▒▒▒
.†.......▒▒▒▒▒▒▒▒▒▒▒▒▒▒▒.▒...▒ ▒
...▒▒..▒.▒.............▒.▒...▒ ▒
▒........▒.............▒.▒.▒.▒▒ ▒
▒▒▒▒▒....▒.............▒..▒▒▒.▒ ▒
▒▒▒ ▒.▒..▒.▒.▒▒▒'▒▒▒..▒▒...▒.▒▒ ▒
..▒ ▒.▒).▒.........#E..▒.....▒ ▒
▒.▒ ▒.....⌠....▒▒▒E###⌠....▒.▒
▒.▒ ▒▒▒..▒.....HcHH####▒...▒.▒
▒.▒ ▒.%▒..⌠..HEEE####▒...▒.▒ ▒.▒
▒..▒▒▒.▒▒▒▒▒▒▒.▒▒▒...▒.▒ ▒.▒▒▒
▒....................▒.▒
....▒▒▒.▒.▒▒▒▒▒▒▒▒▒▒▒▒▒▒▒▒▒▒.▒▒
...%........▒ ▒....▒.▒
▒▒▒.▒▒▒▒▒.▒.▒ ▒.▒▒▒(▒▒ ▒.▒ ▒.▒.▒
▒†▒ ▒.▒▒▒ ▒.▒ ▒.▒.▒ ▒.▒ ▒(..▒


You could see 4 friendly mutant beasts, 2 friendly earth elementals, a friendly
fire elemental and 2 friendly air elementals.


Message History

You open the lid... ...and a mature shockfire beast leaps out!
Your air elemental is engulfed in roaring flames.
The air elemental hits your mature shockfire beast!
Unknown command.
Evoke which item? (* to show all) (? for menu, Esc to quit)
You open the lid... ...and a juvenile weirdox beast leaps out!
Your air elemental is engulfed in roaring flames.
The air elemental hits your mature shockfire beast!
Your air elemental is engulfed in roaring flames.
The air elemental hits your mature shockfire beast.
Evoke which item? (* to show all) (? for menu, Esc to quit)
You open the lid... ...and a mature batweird beast flies out!
Your air elemental is engulfed in roaring flames.
Your air elemental barely misses the air elemental.
The air elemental hits your mature shockfire beast.
Your air elemental is engulfed in roaring flames.
Your mature shockfire beast breathes flames at the air elemental.
The blast of flame hits the air elemental.
The air elemental is destroyed!
The blast of flame hits your earth elemental.
Evoke which item? (* to show all) (? for menu, Esc to quit)
You open the lid... ...and a mature weirdox beast leaps out!
Your air elemental is engulfed in roaring flames. x2
Unknown command.
Your air elemental is engulfed in roaring flames. x2
You have escaped!

Action                   |  1- 3 |  4- 6 |  7- 9 | 10-12 | 13-15 | 16-18 | 19-21 | 22-24 | 25-27 || total
-------------------------+-------+-------+-------+-------+-------+-------+-------+-------+-------++-------
Melee: Trident           |   193 |   185 |   691 |    81 |   111 |   222 |       |       |       ||  1483
       Halberd           |       |       |    57 |   670 |  1429 |  2400 |  2828 |  2815 |   461 || 10660
 Fire: Blowgun           |       |     4 |    27 |    10 |     2 |     1 |       |       |       ||    44
Throw: Throwing net      |       |       |       |     1 |       |     2 |       |       |       ||     3
Invok: Heroism           |       |       |     6 |    10 |    12 |    26 |    11 |    21 |     8 ||    94
       Finesse           |       |       |       |       |       |     4 |     1 |     7 |     8 ||    20
Evoke: Wand              |       |       |       |     2 |     5 |    13 |     9 |    11 |     6 ||    46
       Box of beasts     |       |       |       |       |       |     1 |       |       |     4 ||     5
       Fan of gales      |       |       |       |       |       |       |       |       |     1 ||     1
       Lamp of fire      |       |       |       |       |       |       |       |       |     1 ||     1
       Stone of tremors  |       |       |       |       |       |       |       |       |     1 ||     1
  Use: Scroll            |       |    10 |     6 |    13 |    16 |    18 |    16 |    15 |     3 ||    97
       Potion            |       |     4 |       |       |     1 |    11 |     3 |     4 |    12 ||    35
 Stab: Held in net/web   |       |       |       |     1 |       |       |       |       |       ||     1
       Paralysed         |       |       |       |       |     2 |       |       |       |       ||     2
       Distracted        |       |       |       |       |       |       |       |     2 |       ||     2
       Confused          |       |       |       |       |       |       |       |     2 |       ||     2
  Eat: Chunk             |     1 |     2 |     9 |    11 |    18 |    14 |    17 |    10 |     1 ||    83
       Fruit             |     1 |       |       |       |     7 |       |       |     1 |       ||     9
       Bread ration      |       |     1 |     2 |     3 |     2 |     3 |     4 |     1 |     2 ||    18
       Beef jerky        |       |       |       |       |     2 |       |       |       |       ||     2
       Meat ration       |       |       |       |       |     1 |    11 |     3 |     5 |       ||    20
       Royal jelly       |       |       |       |       |       |     2 |       |     1 |       ||     3
       Pizza             |       |       |       |       |       |       |       |     1 |       ||     1

Vault maps used:
D:1:      dpeg_arrival_caged_fury
D:2:      serial_bayou_lagoon_b
D:3:      lemuel_doored_altar, nicolae_dithmenos_shadow_blocks,
          lemuel_crystal_altar, uniq_grinder, uniq_terence,
          uniq_crazy_yiuf_cottage
D:4:      portal_sewer_entry_a, st_stairs_9
D:5:      gammafunk_temple_overflow_elements, first_bread, uniq_edmund
D:6:      kennysheep_mini, minmay_misc_feat_pillars, uniq_prince_ribbit1
D:7:      temple_hall
D:8:      lair_0_dummy, uniq_joseph
D:9:      nicolae_whirlpool, kennysheep_little_box
D:10:     enter_trove_0, blue_anna_alchemist, corexii_corridor_pit
D:11:     hangedman_ru_absence
D:12:     minmay_triangles_in_corner, orc_david_3
D:13:     david_vaults_2, trog_ov_bears_minmay
D:14:     minmay_tree_intersection
D:15:     gammafunk_enter_depths_forms, serial_shops, shop,
          minmay_misc_feat_plants
Lair:1:   beast_lair_carwin_2, serial_bayou_shore_a, uniq_nergalle,
          uniq_gastronok
Lair:2:   statuecave_lemuel
Lair:3:   lemuel_oklob_altar, infiniplex_staircase_pool
Lair:4:   nicolae_volcano_entry_vermiform, basic_altar
Lair:5:   nicolae_swamp_entry_splash_gauntlet, spider_nest_entry_a,
          serial_bayou_pond_d, bh_autumn_forest_stairs, uniq_snorg, uniq_maud
Lair:6:   lemuel_fruit_fields
Lair:7:   slime_altar_1, eino_house_with_fridge, uniq_josephine
Lair:8:   minmay_lair_end_frog_pond
Swamp:1:  hangedman_swamp_pad
Swamp:2:  portal_ice_cave_entry_ice_beasts, hangedman_swamp_cone, swamp_pool1,
          nicolae_swamp_godswood, nicolae_swamp_baby_hydras
Swamp:3:  evilmike_swamp_ruin_house_2, st_swamp_ruins_2,
          infiniplex_staircase_pool_2
Swamp:4:  swamp_icy, swamp_pool1
Spider:2: lemuel_spider_zombies, uniq_louise
Spider:4: grunt_spider_rune_island, nicolae_arachne_temple
Orc:2:    uniq_rupert, uniq_maurice
Orc:3:    serial_shops, nicolae_orc_pool_cavern
Orc:4:    grunt_orc_tribal_feast, basic_altar, led_sif_book
Vaults:1: hangedman_vaults_nails, vaults_mumra_lcd, hangedman_vaults_locks,
          vaults_room_pools, hangedman_vaults_corner, v_misc_23,
          hangedman_vaults_stagger, grunt_vaults_diagonal, vaults_room_pools,
          v_misc_26, nicolae_vaults_yaktaur_gun_rack,
          hangedman_vaults_stretched_pinwheel, serial_shops, shop, uniq_norris
Vaults:2: ontoclasm_vaults_gateway, hangedman_vaults_cutoff,
          nicolae_vaults_triangles, v_pattern_3, nicolae_vaults_circle_grid_a,
          v_misc_9, nicolae_vaults_shelves_hall, nicolae_vaults_rhombus_6,
          serial_shops, bzr_entry_lakeside
Vaults:3: nicolae_vaults_diagonal_hallway_9, grunt_vaults_bifocal, v_misc_8,
          v_misc_15, v_rooms_1, vaults_mumra_hex, hangedman_vaults_impose,
          minmay_crypt_entry_simple_plaza, nicolae_vaults_what_the_h,
          vaults_room_corners, vaults_dpeg_doors, hangedman_vaults_trim,
          grunt_vaults_focal
Vaults:4: nicolae_vaults_little_ls, v_misc_9, vaults_room_guarded_vault,
          nicolae_vaults_circle_grid_a, vaults_room_stairs_pillars,
          nicolae_vaults_diagonal_hallway_9
Depths:1: enter_ziggurat_b, grunt_hell_entry_dis_old, kennysheep_generic_room_11
Depths:2: radiant_caverns_b_rkd, hell_entry, uniq_sojobo
Depths:3: little_maze_vault, pan_entry, lightli_too_deep,
          infiniplex_staircase_pillars_3a, abyss_entry, basic_stair_grate_trap
Depths:4: minmay_four_inscribed_fans, pf_hell_entry_tar_spiral,
          minmay_staircase_windowed_small, abyss_entry, grunt_ministairs_8,
          basic_stair_grate_trap
Depths:5: lemuel_castle_with_subvaults, pf_coc_iceberg, minmay_splitting_lines,
          rand_demon_pan_entry_9, special_room
Zot:2:    circus_mu, zot_minivault_2
Zot:3:    nicolae_zot_stationary_front
Zot:4:    st_large_dragon_hoard_3
Bazaar:   bazaar_lake
Sewer:    sewer_kobolds
IceCv:    ice_cave_caverns_01

Notes
Turn   | Place    | Note
--------------------------------------------------------------
     0 | D:1      | 1100001001 the Centaur Fighter began the quest for the Orb.
     0 | D:1      | Reached XP level 1. HP: 19/19 MP: 1/1
     1 | D:1      | Found a runed door.
   131 | D:1      | Reached skill level 2 in Polearms
   215 | D:1      | Reached XP level 2. HP: 26/26 MP: 2/2
   517 | D:1      | Reached skill level 3 in Polearms
   693 | D:1      | Reached XP level 3. HP: 31/31 MP: 3/3
  1451 | D:2      | Reached XP level 4. HP: 38/38 MP: 4/4
  1490 | D:2      | Reached skill level 4 in Polearms
  2029 | D:3      | Noticed Terence
  2059 | D:3      | Found an iron altar of Okawaru.
  2069 | D:3      | Became a worshipper of Warmaster Okawaru
  2077 | D:3      | Found a burning altar of Makhleb.
  2126 | D:3      | Found a shadowy altar of Dithmenos.
  2286 | D:3      | Noticed Grinder
  2286 | D:3      | Paralysed by Grinder for 4 turns
  2293 | D:3      | Paralysed by Grinder for 6 turns
  2344 | D:3      | Killed Grinder
  2344 | D:3      | Acquired Okawaru's first power
  2344 | D:3      | Reached skill level 6 in Polearms
  2344 | D:3      | Reached XP level 5. HP: 22/45 MP: 5/5
  2344 | D:3      | Reached XP level 6. HP: 24/51 MP: 6/6
  2630 | D:3      | Killed Terence
  2890 | D:3      | Noticed Crazy Yiuf
  2899 | D:3      | Killed Crazy Yiuf
  3163 | D:4      | Found a glowing drain.
  3193 | Sewer    | Entered a sewer
  3349 | Sewer    | Found a glowing silver altar of Zin.
  3357 | Sewer    | Gained mutation: You are resistant to hostile enchantments. [potion of beneficial mutation]
  3510 | D:4      | Reached skill level 7 in Polearms
  3510 | D:4      | Reached XP level 7. HP: 57/57 MP: 7/7
  3586 | D:4      | Reached skill level 8 in Polearms
  4191 | D:5      | Entered Level 5 of the Dungeon
  4193 | D:5      | Noticed Edmund
  4496 | D:4      | Killed Edmund
  4496 | D:4      | Reached XP level 8. HP: 55/63 MP: 8/8
  4635 | D:4      | Reached skill level 9 in Polearms
  4709 | D:5      | Found a glowing golden altar of the Shining One.
  4709 | D:5      | Found a sacrificial altar of Ru.
  5438 | D:5      | Reached skill level 10 in Polearms
  6111 | D:6      | Noticed Prince Ribbit
  6161 | D:6      | Killed Prince Ribbit
  6161 | D:6      | Reached XP level 9. HP: 69/69 MP: 9/9
  6485 | D:6      | Found a basalt altar of Yredelemnul.
  6780 | D:6      | Reached skill level 11 in Polearms
  7252 | D:6      | Upgraded the game from 0.17-a0-1332-g9db7d08 to 0.17-a0-1360-g37db002
  7706 | D:7      | Noticed Bikalo's ghost (experienced HOFi)
  7811 | D:7      | Found a staircase to the Ecumenical Temple.
  8191 | D:7      | Killed Bikalo's ghost
  8191 | D:7      | Reached skill level 12 in Polearms
  8511 | D:7      | Reached skill level 4 in Fighting
  8653 | D:7      | Reached skill level 5 in Fighting
  8905 | D:7      | Reached XP level 10. HP: 71/81 MP: 8/10
  8945 | D:8      | Found a staircase to the Lair.
  8948 | D:8      | Identified a wand of heal wounds
  8983 | D:8      | Noticed Joseph
  9000 | D:8      | Killed Joseph
  9000 | D:8      | Reached skill level 6 in Fighting
  9032 | Lair:1   | Entered Level 1 of the Lair of Beasts
  9070 | Lair:1   | Reached skill level 7 in Fighting
  9457 | Lair:1   | Reached skill level 8 in Fighting
  9736 | Lair:1   | Noticed an eight-headed hydra
  9774 | Lair:1   | Noticed Gastronok
  9817 | Lair:1   | Killed Gastronok
  9817 | Lair:1   | Acquired Okawaru's second power
  9817 | Lair:1   | Reached skill level 10 in Fighting
  9999 | Lair:1   | Noticed Nergalle
 10051 | Lair:1   | Killed Nergalle
 10051 | Lair:1   | Reached XP level 11. HP: 73/101 MP: 9/11
 10440 | Lair:1   | Reached skill level 11 in Fighting
 10551 | Lair:1   | Received a gift from Okawaru
 10763 | Lair:1   | Killed an eight-headed hydra
 10763 | Lair:1   | Received a gift from Okawaru
 10764 | Lair:1   | Got a scorched centaur barding {god gift}
 10770 | Lair:1   | Identified the +0 centaur barding of Tyqo {rF+} (Okawaru gifted it to you on level 1 of the Lair of Beasts)
 11901 | Lair:2   | Reached skill level 12 in Fighting
 12116 | Lair:3   | Found a glowing golden altar of the Shining One.
 12336 | Lair:3   | Reached skill level 3 in Armour
 12632 | Lair:3   | Reached skill level 4 in Armour
 13317 | Lair:3   | Reached skill level 5 in Armour
 13654 | Lair:3   | Reached skill level 6 in Armour
 14104 | Lair:4   | Noticed a five-headed hydra
 14155 | Lair:4   | Killed a five-headed hydra
 14155 | Lair:4   | Reached XP level 12. HP: 112/112 MP: 12/12
 14218 | Lair:4   | Noticed a death yak
 14236 | Lair:4   | Noticed a death yak
 14238 | Lair:4   | Noticed a death yak
 14257 | Lair:3   | Killed a death yak
 14257 | Lair:3   | Reached skill level 7 in Armour
 14373 | Lair:4   | Noticed a four-headed hydra
 14591 | Lair:4   | Noticed a death yak
 14601 | Lair:3   | Killed a death yak
 14601 | Lair:3   | Received a gift from Okawaru
 14657 | Lair:3   | Reached skill level 1 in Invocations
 14715 | Lair:3   | Killed a four-headed hydra
 14715 | Lair:3   | Reached skill level 3 in Invocations
 14854 | Lair:4   | Reached skill level 4 in Invocations
 15423 | Lair:4   | Noticed a lindwurm
 15434 | Lair:4   | Killed a lindwurm
 15434 | Lair:4   | Reached skill level 5 in Invocations
 15579 | Lair:4   | Found a stormy altar of Qazlal.
 15800 | Lair:4   | Killed a death yak
 15800 | Lair:4   | Reached skill level 6 in Invocations
 15803 | Lair:4   | Killed a death yak
 15803 | Lair:4   | Reached skill level 7 in Invocations
 16258 | Lair:5   | Noticed a five-headed hydra
 16288 | Lair:5   | Killed a five-headed hydra
 16288 | Lair:5   | Reached skill level 8 in Invocations
 16562 | Lair:5   | Noticed Snorg
 16573 | Lair:5   | Reached skill level 9 in Invocations
 16577 | Lair:5   | Killed Snorg
 16577 | Lair:5   | Received a gift from Okawaru
 16595 | Lair:5   | Found a hole to the Spider Nest.
 16642 | Lair:5   | Noticed Maud
 16787 | Lair:5   | Killed Maud
 16787 | Lair:5   | Reached skill level 2 in Evocations
 17022 | Lair:5   | Reached XP level 13. HP: 110/118 MP: 20/20
 17259 | Lair:6   | Reached skill level 3 in Evocations
 17767 | Lair:7   | Found a viscous altar of Jiyva.
 17767 | Lair:7   | Found a staircase to the Slime Pits.
 17828 | Lair:7   | Reached skill level 4 in Evocations
 17992 | Lair:7   | Received a gift from Okawaru
 18017 | Lair:7   | Reached skill level 5 in Evocations
 18178 | Lair:7   | Reached skill level 6 in Evocations
 18401 | Lair:7   | Noticed Josephine
 18767 | Lair:7   | Reached skill level 7 in Evocations
 18861 | Lair:7   | Killed Josephine
 19129 | Lair:7   | Reached skill level 8 in Evocations
 19162 | Lair:8   | Entered Level 8 of the Lair of Beasts
 19292 | Lair:8   | Received a gift from Okawaru
 19346 | Lair:8   | Reached skill level 9 in Evocations
 19559 | Lair:8   | Identified a potion of resistance
 19593 | Lair:8   | Reached skill level 10 in Evocations
 19964 | Lair:8   | Upgraded the game from 0.17-a0-1360-g37db002 to 0.17-a0-1368-g6ab37f2
 20033 | Lair:8   | Reached XP level 14. HP: 126/126 MP: 21/21
 20264 | Lair:8   | Reached skill level 8 in Armour
 20494 | Lair:8   | Received a gift from Okawaru
 20729 | Lair:8   | Reached skill level 9 in Armour
 21915 | D:8      | Identified a scroll of acquirement
 22686 | D:9      | Received a gift from Okawaru
 22688 | D:9      | Reached skill level 10 in Armour
 22769 | D:9      | Got a polished trident {god gift}
 22770 | D:9      | Identified the +1 trident of the Coward {pierce, Str-5 Int+6 Dex+5} (Okawaru gifted it to you on level 9 of the Dungeon)
 23658 | D:9      | Found an ancient bone altar of Kikubaaqudgha.
 23760 | D:10     | Entered Level 10 of the Dungeon
 23921 | D:10     | Identified a potion of experience
 23922 | D:10     | Reached skill level 13 in Fighting
 23922 | D:10     | Reached XP level 15. HP: 131/135 MP: 22/22
 24108 | D:10     | Found a portal to a secret trove of treasure.
 24743 | D:11     | Found a sacrificial altar of Ru.
 24753 | D:11     | Noticed anele's ghost (experienced GrFE)
 24797 | D:11     | Killed anele's ghost
 25111 | D:11     | You fall through a shaft for 2 floors!
 25477 | D:12     | Reached skill level 11 in Armour
 25768 | D:12     | Found Ticivitari's Armour Boutique.
 25769 | D:12     | Found a staircase to the Orcish Mines.
 25819 | Orc:1    | Entered Level 1 of the Orcish Mines
 26231 | Orc:2    | Noticed Rupert
 26296 | Orc:2    | Noticed Maurice
 26318 | Orc:2    | Killed Maurice
 26318 | Orc:2    | Received a gift from Okawaru
 27479 | Orc:4    | Entered Level 4 of the Orcish Mines
 27606 | Orc:4    | Found a deep blue altar of Sif Muna.
 27620 | Orc:4    | Found a roughly hewn altar of Beogh.
 27881 | Orc:4    | Found a staircase to the Elven Halls.
 28221 | Orc:4    | Reached XP level 16. HP: 135/143 MP: 23/23
 28533 | Orc:4    | Found Hebleone's Antique Weapon Shoppe.
 28533 | Orc:4    | Found Ikkin's General Store.
 28535 | Orc:4    | Found Uhena's Armour Shoppe.
 28535 | Orc:4    | Found Nubuklig's Antique Weapon Shop.
 28546 | Orc:4    | Bought a bread ration for 80 gold pieces
 28546 | Orc:4    | Bought a scroll of identify for 32 gold pieces
 28546 | Orc:4    | Bought a bread ration for 80 gold pieces
 28546 | Orc:4    | Bought a potion of agility for 64 gold pieces
 28546 | Orc:4    | Bought a potion of curing for 48 gold pieces
 29045 | D:12     | Reached skill level 12 in Armour
 29046 | D:12     | Upgraded the game from 0.17-a0-1368-g6ab37f2 to 0.17-a0-1397-g0eee0a3
 30223 | D:13     | Found a bloodstained altar of Trog.
 30346 | D:13     | Found a roughly hewn altar of Beogh.
 30785 | D:13     | Found a gate to the Vaults.
 31630 | D:14     | Reached skill level 13 in Armour
 31708 | D:14     | Identified Sif Muna's Incunabulum of Attacks and the Volcanoes
 32194 | D:14     | Received a gift from Okawaru
 32537 | D:15     | Entered Level 15 of the Dungeon
 32537 | D:15     | Found Nurain's Jewellery Shop.
 33115 | D:15     | Reached skill level 14 in Fighting
 33746 | D:15     | Found a staircase to the Depths.
 34214 | Spider:1 | Entered Level 1 of the Spider Nest
 35092 | Lair:5   | Found a staircase to the Swamp.
 35187 | Swamp:1  | Entered Level 1 of the Swamp
 35224 | Lair:5   | Reached skill level 15 in Fighting
 35308 | Lair:5   | Upgraded the game from 0.17-a0-1397-g0eee0a3 to 0.17-a0-1399-gd5b76e1
 35859 | Swamp:1  | Reached XP level 17. HP: 126/156 MP: 24/24
 36670 | Swamp:2  | Found a frozen archway.
 36701 | Swamp:2  | Received a gift from Okawaru
 36728 | IceCv    | Entered an ice cave
 36786 | IceCv    | Reached skill level 16 in Fighting
 37160 | IceCv    | Identified a wand of teleportation
 37541 | IceCv    | Identified the Almanac of Shape Shifting
 37578 | IceCv    | Got a pair of smoking gloves
 37584 | IceCv    | Identified the +1 pair of gloves of the Unseen Realm {rC+++ Int-3 Dex+4} (You found it in an ice cave)
 38074 | Swamp:2  | Reached skill level 17 in Fighting
 38204 | Swamp:2  | Received a gift from Okawaru
 38594 | Swamp:2  | Found a blossoming altar of Fedhas.
 40142 | Swamp:3  | Reached skill level 18 in Fighting
 40764 | Swamp:3  | Upgraded the game from 0.17-a0-1399-gd5b76e1 to 0.17-a0-1411-g06ff558
 41269 | Swamp:4  | Entered Level 4 of the Swamp
 41363 | Swamp:4  | Reached skill level 13 in Polearms
 42095 | Swamp:4  | Reached XP level 18. HP: 160/172 MP: 25/25
 42253 | Swamp:4  | Got a decaying rune of Zot
 42916 | Depths:1 | Entered Level 1 of the Depths
 43115 | Depths:1 | Found a gateway to a ziggurat.
 43179 | Depths:1 | Received a gift from Okawaru
 43179 | Depths:1 | Reached skill level 14 in Polearms
 43247 | Depths:1 | Gained mutation: You are partially covered in slimy green scales (AC +2). [potion of beneficial mutation]
 43782 | Depths:1 | Found a gateway to Hell.
 44227 | Depths:2 | Noticed Sojobo
 44300 | Depths:2 | Killed Sojobo
 44386 | Depths:2 | Reached skill level 15 in Polearms
 45755 | Depths:2 | Reached skill level 16 in Polearms
 47455 | Depths:2 | Identified the Guide on Frigorific Beguiling (You found it on level 2 of the Depths)
 47494 | Depths:2 | Reached skill level 17 in Polearms
 47526 | Depths:2 | Reached XP level 19. HP: 110/179 MP: 26/26
 48398 | Depths:3 | Received a gift from Okawaru
 48406 | Depths:3 | Got a faintly glowing halberd {god gift}
 48408 | Depths:3 | Identified the +11 halberd "Huppid Vuetu" {vamp, rPois MP+9 Dex+3} (Okawaru gifted it to you on level 3 of the Depths)
 48554 | Depths:3 | Got a flickering lead ring
 48556 | Depths:3 | Identified the ring "Lotinytt" {MP+9 Int+6} (You found it on level 3 of the Depths)
 48988 | Depths:3 | Noticed a caustic shrike
 49019 | Depths:3 | Killed a caustic shrike
 49222 | Depths:3 | Reached skill level 18 in Polearms
 49322 | Depths:3 | Noticed an ancient lich
 49568 | Depths:3 | Found a one-way gate leading to the halls of Pandemonium.
 49942 | Depths:1 | Received a gift from Okawaru
 50672 | Spider:2 | Reached skill level 1 in Dodging
 50823 | Spider:2 | Noticed Louise
 50943 | Spider:3 | Reached skill level 2 in Dodging
 51040 | Spider:3 | Received a gift from Okawaru
 51041 | Spider:3 | Got an encrusted halberd {god gift}
 51042 | Spider:3 | Identified the +0 halberd of Couti {chop, rElec rPois MP+9 Dex-3} (Okawaru gifted it to you on level 3 of the Spider Nest)
 51212 | Spider:3 | Reached skill level 3 in Dodging
 51515 | Spider:3 | Reached skill level 4 in Dodging
 51885 | Spider:4 | Entered Level 4 of the Spider Nest
 52222 | Spider:4 | Reached skill level 5 in Dodging
 52331 | Spider:4 | Upgraded the game from 0.17-a0-1411-g06ff558 to 0.17-a0-1420-geb41feb
 52693 | Spider:4 | Noticed Arachne
 52842 | Spider:4 | Reached XP level 20. HP: 187/187 MP: 27/27
 52853 | Spider:4 | Reached skill level 6 in Dodging
 52883 | Spider:4 | Killed Arachne
 53276 | Spider:4 | Reached skill level 7 in Dodging
 53640 | Spider:4 | Received a gift from Okawaru
 53694 | Spider:4 | Reached skill level 8 in Dodging
 53766 | Spider:4 | Got a gossamer rune of Zot
 54153 | Vaults:1 | Entered Level 1 of the Vaults
 54357 | Vaults:1 | Identified a wand of hasting (You acquired it on level 1 of the Vaults)
 54719 | Vaults:1 | Reached skill level 9 in Dodging
 55011 | Vaults:1 | Found Upitetef's Book Shoppe.
 55175 | Vaults:1 | Got a bloodstained centaur barding
 55186 | Vaults:1 | Identified the +0 centaur barding of Gufoaxeb {rElec rN++ Str+3 Int-5} (You acquired it on level 1 of the Vaults)
 55219 | Vaults:1 | Received a gift from Okawaru
 55246 | Vaults:1 | Noticed Norris
 55606 | Vaults:1 | Reached skill level 10 in Dodging
 55705 | Vaults:1 | Killed Norris
 56439 | Vaults:2 | Reached skill level 11 in Dodging
 56882 | Vaults:2 | Reached XP level 21. HP: 185/194 MP: 28/28
 56954 | Vaults:2 | Received a gift from Okawaru
 57062 | Vaults:2 | Reached skill level 12 in Dodging
 57141 | Vaults:2 | Found a gateway to a bazaar.
 57157 | Bazaar   | Entered a bazaar
 57157 | Bazaar   | Found Cinenarr's Antique Armour Boutique.
 57157 | Bazaar   | Found Paat Ahe's General Store.
 57175 | Bazaar   | Found Jyotrixi's Distillery.
 57186 | Bazaar   | Found Degg's Antique Weapon Shop.
 57194 | Bazaar   | Found Ytirod's Jewellery Shop.
 57224 | Bazaar   | Bought an embroidered cloak for 126 gold pieces
 57253 | Bazaar   | Bought 2 potions of cure mutation for 1260 gold pieces
 57253 | Bazaar   | Bought a potion of curing for 54 gold pieces
 57264 | Bazaar   | Bought a potion of haste for 90 gold pieces
 57264 | Bazaar   | Bought a potion of might for 36 gold pieces
 57264 | Bazaar   | Bought a potion of might for 36 gold pieces
 57264 | Bazaar   | Bought a potion of curing for 27 gold pieces
 57264 | Bazaar   | Bought a potion of heal wounds for 45 gold pieces
 58782 | Vaults:3 | Received a gift from Okawaru
 59079 | Vaults:3 | Reached skill level 13 in Dodging
 59259 | Vaults:3 | Found a staircase to the Crypt.
 60532 | Vaults:4 | Reached skill level 14 in Dodging
 60563 | Vaults:4 | Upgraded the game from 0.17-a0-1420-geb41feb to 0.17-a0-1430-g49fde19
 60942 | Vaults:4 | Received a gift from Okawaru
 61411 | Vaults:5 | Entered Level 5 of the Vaults
 61747 | Vaults:5 | Reached XP level 22. HP: 202/202 MP: 29/29
 61796 | Vaults:5 | Reached skill level 15 in Dodging
 62601 | Vaults:5 | Received a gift from Okawaru
 62903 | Vaults:5 | Reached skill level 16 in Dodging
 63066 | Vaults:5 | Noticed Malachi's ghost (great DDBe)
 63103 | Vaults:5 | Killed Malachi's ghost
 63848 | Vaults:5 | Noticed an ancient lich
 63874 | Vaults:4 | Reached skill level 17 in Dodging
 64965 | Vaults:5 | Got a silver rune of Zot
 65550 | Depths:3 | Received a gift from Okawaru
 65688 | Depths:3 | Found a one-way gate to the infinite horrors of the Abyss.
 65738 | Depths:3 | Reached XP level 23. HP: 209/209 MP: 30/30
 66402 | Depths:3 | Killed an ancient lich
 66822 | Depths:3 | Received a gift from Okawaru
 66824 | Depths:3 | Got a transparent halberd {god gift}
 66825 | Depths:3 | Identified the +6 halberd of the Gnat {flame, MR+ Str+4 Int-4 SInv} (Okawaru gifted it to you on level 3 of the Depths)
 66947 | Depths:3 | Reached skill level 18 in Dodging
 67336 | Depths:4 | Upgraded the game from 0.17-a0-1430-g49fde19 to 0.17-a0-1450-g7e755d1
 68546 | Depths:4 | Reached skill level 19 in Dodging
 68964 | Depths:4 | Learned a level 1 spell: Summon Butterflies
 69091 | Depths:4 | Got a shimmering cloak
 69092 | Depths:4 | Identified the +1 cloak of the Dice {rElec rC+} (You found it on level 4 of the Depths)
 69676 | Depths:5 | Entered Level 5 of the Depths
 69865 | Depths:5 | Received a gift from Okawaru
 70348 | Depths:5 | Reached XP level 24. HP: 206/216 MP: 30/30
 70462 | Depths:5 | Received a gift from Okawaru
 70501 | Depths:5 | Got a scorched glaive {god gift}
 70615 | Depths:5 | Identified the +8 glaive "Jirrol" {drain, rC+} (Okawaru gifted it to you on level 5 of the Depths)
 70887 | Depths:5 | Identified the Tome of Sinister Secrets (You found it on level 5 of the Depths)
 72007 | Depths:5 | Received a gift from Okawaru
 72061 | Depths:4 | Reached skill level 14 in Armour
 72630 | Depths:5 | Found a gate to the Realm of Zot.
 72891 | Zot:1    | Entered Level 1 of the Realm of Zot
 73136 | Zot:1    | Reached skill level 15 in Armour
 74082 | Zot:4    | Received a gift from Okawaru
 74085 | Zot:4    | Got a polished centaur barding {god gift}
 74086 | Zot:4    | Identified the +3 centaur barding of Miqola {rCorr} (Okawaru gifted it to you on level 4 of the Realm of Zot)
 74108 | Zot:5    | Entered Level 5 of the Realm of Zot
 74391 | Zot:5    | Reached skill level 16 in Armour
 74466 | Zot:5    | Noticed an ancient lich
 74501 | Zot:5    | Reached XP level 25. HP: 224/224 MP: 30/30
 74513 | Zot:5    | Killed an ancient lich
 74524 | Zot:5    | Noticed an orb of fire
 74546 | Zot:5    | Gained mutation: You can translocate small distances at will. [an orb of fire]
 74564 | Zot:5    | Killed an orb of fire
 74663 | Zot:5    | Noticed an ancient lich
 74698 | Zot:5    | Noticed an ancient lich
 74709 | Zot:5    | Killed an ancient lich
 74835 | Zot:5    | Noticed an ancient lich
 74849 | Zot:5    | Killed an ancient lich
 74871 | Zot:5    | Reached skill level 17 in Armour
 75043 | Zot:5    | Killed an ancient lich
 75385 | Zot:5    | Noticed an orb of fire
 75421 | Zot:5    | Gained mutation: Your magical capacity is low (-10% MP). [an orb of fire]
 75428 | Zot:5    | Gained mutation: You are agile. (Dex +2) [an orb of fire]
 75451 | Zot:5    | Killed an orb of fire
 75702 | Zot:5    | Noticed an orb of fire
 75786 | Zot:5    | Reached skill level 18 in Armour
 75815 | Zot:5    | Got the Orb of Zot
 75841 | Zot:5    | Noticed an ancient lich
 75967 | Zot:3    | Noticed Beosuut the pandemonium lord
 76466 | D:1      | Was placed under penance by Okawaru
 76473 | D:$      | Escaped with the Orb!

Vanquished Creatures
  2 orbs of fire (Zot:5)
  5 ancient liches
  Sojobo (Depths:2)
  Norris (Vaults:1)
  2 Killer Klowns (Zot:5)
  3 caustic shrikes
  The ghost of Malachi the Bludgeoner, a great DDBe of Trog (Vaults:5)
  2 golden dragons
  Arachne (Spider:4)
  2 electric golems
  23 Orb Guardians
  10 liches
  5 tentacled monstrosities
  5 titans
  A quicksilver dragon (Depths:3)
  An Executioner (Zot:3)
  An ancient champion (Vaults:3)
  Gastronok (Lair:1)
  6 sphinxes
  4 thorn hunters
  11 tengu reavers
  7 draconian monks
  A revenant (Vaults:4)
  8 fire giants
  11 storm dragons
  9 shadow dragons
  3 deep elf sorcerers
  A draconian knight (Zot:5)
  8 frost giants
  Maud (Lair:5)
  15 vault wardens
  5 iron dragons
  6 emperor scorpions
  A caustic shrike zombie (Depths:4)
  A draconian scorcher (Depths:5)
  A balrug (Depths:3)
  6 ghost moths
  A draconian zealot (Zot:1)
  2 draconian shifters
  An orc warlord (Vaults:4)
  4 spriggan defenders (Depths:3)
  5 draconian annihilators (Depths:5)
  10 stone giants
  11 ironheart preservers
  16 very ugly things
  2 vampire knights (Depths:4)
  7 war gargoyles
  7 green draconians
  6 purple draconians
  4 white draconians
  9 black draconians
  9 red draconians
  3 mottled draconians
  5 deep elf annihilators
  12 ettins
  Snorg (Lair:5)
  2 blizzard demons (IceCv)
  A great orb of eyes (shapeshifter) (Depths:2)
  7 deep elf death magi
  7 fire dragons
  26 vault guards
  A fire dragon (shapeshifter) (Depths:2)
  12 crystal guardians (Depths:2)
  Josephine (Lair:7)
  A death cob (Zot:1)
  12 yaktaur captains
  A green death (Depths:5)
  10 ogre magi
  2 rakshasas
  A caustic shrike simulacrum (Depths:4)
  6 entropy weavers
  3 deep elf high priests (Vaults:5)
  11 ice dragons
  9 spriggan air magi
  31 hydras
  7 great orbs of eyes
  16 alligators
  3 ghost crabs
  A queen ant (shapeshifter) (Vaults:2)
  15 dancing weapons (Depths:2)
  2 deep troll shamans
  A vampire mage (Vaults:4)
  2 salamander stormcallers
  10 centaur warriors
  3 tengu warriors
  An anaconda (shapeshifter) (D:15)
  3 orc high priests (Orc:4)
  A hell knight (Depths:4)
  12 death yaks
  3 sun demons
  10 spriggan berserkers
  4 deep troll earth magi
  3 titan zombies
  3 storm dragon zombies (Depths:5)
  Nergalle (Lair:1)
  A deep elf knight (Vaults:3)
  A fire crab (shapeshifter) (Depths:4)
  5 iron trolls
  9 skeletal warriors
  The ghost of anele the Ducker, an experienced GrFE of Vehumet (D:11)
  The ghost of Bikalo the Spear-Bearer, an experienced HOFi of Beogh (D:7)
  3 unseen horrors
  A death drake (Depths:5)
  3 fire crabs
  A ball lightning (Depths:2)
  5 ice devils (IceCv)
  A storm dragon skeleton (Depths:5)
  4 wizards
  12 deep trolls
  2 deep elf summoners
  3 swamp dragons (Swamp:3)
  3 phantasmal warriors (Vaults:5)
  An ice statue (IceCv)
  8 giant orange brains
  3 tengu zombies
  2 obsidian statues (Depths:2)
  A deep troll (shapeshifter) (Vaults:3)
  11 hill giants
  5 griffons
  13 harpies
  A putrid demonspawn (Depths:5)
  A shambling mangrove (Swamp:2)
  2 deep elf conjurers
  5 flayed ghosts
  6 necromancers
  An anubis guard (shapeshifter) (Depths:2)
  21 orc knights
  58 ugly things
  A harpy (shapeshifter) (Vaults:2)
  4 lindwurms
  A sphinx zombie (Depths:5)
  25 wolf spiders
  3 tengu skeletons
  12 cyclopes
  7 wolf spider zombies
  A hill giant (shapeshifter) (Depths:3)
  A mana viper (shapeshifter) (Depths:3)
  A frost giant zombie (Depths:4)
  2 manticores
  8 orc sorcerers
  14 orb spiders
  5 hornets
  5 moths of wrath
  2 salamanders (shapeshifter) (Depths:4)
  A human zombie (Vaults:3)
  A water nymph (shapeshifter) (Depths:2)
  An elephant (shapeshifter) (Depths:2)
  A sphinx skeleton (Depths:5)
  12 ironbrand convokers
  4 black mambas
  Maurice (Orc:2)
  A faun (shapeshifter) (Vaults:5)
  A fire giant skeleton (Depths:4)
  11 vault sentinels
  Joseph (D:8)
  A spriggan zombie (Depths:5)
  4 elf zombies
  6 kobold demonologists
  An orange demon (Depths:5)
  32 spiny frogs
  7 molten gargoyles (Depths:2)
  A torpor snail (shapeshifter) (Depths:2)
  2 torpor snails
  6 gargoyles
  3 centaur skeletons
  2 spriggan skeletons
  A yaktaur (shapeshifter) (Vaults:1)
  7 komodo dragons
  2 deep elf priests
  48 yaktaurs
  15 freezing wraiths
  A small abomination (Vaults:3)
  A fire drake (shapeshifter) (Vaults:2)
  A red devil (Depths:5)
  9 demonic crawlers
  3 fire drakes
  26 jumping spiders
  2 golden dragon simulacra (IceCv)
  2 tengu conjurers (Depths:3)
  6 wind drakes
  A harpy skeleton (D:14)
  A wind drake (shapeshifter) (Vaults:2)
  6 anaconda simulacra (IceCv)
  A raiju (shapeshifter) (Depths:2)
  A blink frog (shapeshifter) (D:15)
  Grinder (D:3)
  2 polar bears (D:13)
  Prince Ribbit (D:6)
  4 trolls
  A slime creature (shapeshifter) (Depths:2)
  12 two-headed ogres
  A tengu simulacrum (Vaults:3)
  27 blink frogs
  A wolf spider simulacrum (IceCv)
  15 tarantella zombies (Spider:2)
  5 giant leeches
  2 trapdoor spiders (shapeshifter)
  A snapping turtle (shapeshifter) (Depths:2)
  5 bog bodies
  4 boulder beetles
  15 slime creatures
  2 dire elephant simulacra (IceCv)
  7 trapdoor spiders
  23 tarantellas
  38 redbacks
  5 water elementals (Depths:2)
  14 air elementals
  A tarantella (shapeshifter) (Vaults:3)
  7 spriggans
  49 yaks
  5 wyverns
  6 basilisks
  5 fire elementals (Depths:2)
  6 wraiths
  4 deep elf magi
  2 hungry ghosts
  3 shadows
  A vampire (Depths:5)
  33 vampire mosquitoes
  A hog (shapeshifter) (Depths:3)
  9 deep elf fighters
  11 hippogriffs
  8 wargs
  3 harpy simulacra (IceCv)
  A mottled dragon (D:15)
  A naga (shapeshifter) (Depths:2)
  20 insubstantial wisps
  4 swamp worm simulacra (Swamp:4)
  19 water moccasins
  Edmund (D:4)
  A hippogriff (shapeshifter) (Depths:2)
  A soldier ant (D:15)
  3 wolves (shapeshifter)
  18 hydra simulacra
  12 ice beasts
  24 swamp worms
  2 iron troll simulacra (IceCv)
  8 wolves
  51 orc warriors
  A porcupine (shapeshifter) (Vaults:5)
  11 porcupines
  2 black bears
  12 wasps
  3 phantoms
  A wasp (shapeshifter) (Depths:2)
  8 sky beasts
  13 swamp drakes
  32 ogres
  An eye of draining (shapeshifter) (Depths:2)
  22 spiders
  A necrophage (D:9)
  12 crocodiles
  An ettin simulacrum (IceCv)
  A human skeleton (Vaults:3)
  15 centaurs
  32 giant frogs
  2 brain worms
  7 big kobolds
  5 earth elementals (Depths:2)
  10 spider zombies (Spider:2)
  2 wyvern skeletons
  5 scorpions
  18 killer bees
  3 wights (D:11)
  6 electric eels
  6 draconian simulacra (IceCv)
  11 crimson imps
  3 hounds
  4 jellies
  4 centaur zombies
  An iron imp (Depths:1)
  2 wasp zombies
  Crazy Yiuf (D:3)
  27 orc priests
  7 giant frog skeletons
  A worker ant (shapeshifter) (Depths:2)
  A quasit (D:14)
  Terence (D:3)
  3 yak simulacra (Lair:7)
  11 iguanas
  39 orc wizards
  4 polar bear simulacra (Lair:7)
  8 worker ants
  A centaur simulacrum (IceCv)
  9 sheep
  2 wolf simulacra (Lair:7)
  3 spriggan simulacra
  2 troll simulacra (IceCv)
  7 gnolls
  64 river rats
  15 adders
  A river rat (shapeshifter) (Depths:2)
  2 shadow imps
  2 ogre simulacra (IceCv)
  A naga simulacrum (IceCv)
  6 white imps (IceCv)
  6 ufetubi (IceCv)
  4 oozes
  4 swamp drake simulacra (Swamp:4)
  4 worms
  2 giant geckos (D:5)
  158 orcs
  3 ball pythons
  A bat skeleton (D:5)
  A bat zombie (D:5)
  11 giant cockroaches
  22 hobgoblins
  32 jackals
  7 quokkas
  A quokka (shapeshifter) (Vaults:5)
  10 bats
  A giant gecko skeleton (D:4)
  7 giant newts
  13 goblins
  55 kobolds
  14 rats
  2 river rat simulacra (Lair:7)
  2 briar patches
  3 plants
2397 creatures vanquished.

Vanquished Creatures (collateral kills)
  5 vault guards (Vaults:5)
5 creatures vanquished.

Vanquished Creatures (others)
  An eldritch tentacle (Vaults:5)
  An azure jelly (Swamp:4)
  A draconian knight (Zot:1)
  A purple draconian (Depths:5)
  A centaur warrior (Vaults:1)
  7 ball lightnings (Depths:2)
  A jumping spider (Spider:3)
  A jumping spider (shapeshifter) (Vaults:2)
  A redback (Spider:4)
  2 air elementals (Depths:2)
  A yak (D:11)
  2 briar patches (Swamp:3)
  73 eldritch tentacle segments (Vaults:5)
  18 fungi
  17 plants
128 creatures vanquished.

Grand Total: 2530 creatures vanquished
